 Dungeon Crawl Stone Soup version 0.23.2-40-g277498a001 (webtiles) character file.

Game seed: 2478792387225887538

276 GreyFruit the Gusty (level 6, 0/33 HPs)
             Began as a Tengu Air Elementalist on Sept 29, 2019.
             Succumbed to a worker ant's poison
             ... on level 4 of the Dungeon.
             The game lasted 00:07:40 (3039 turns).

GreyFruit the Gusty (Tengu Air Elementalist)        Turns: 3039, Time: 00:07:40

Health: 0/33       AC:  3    Str: 14    XL:     6   Next: 25%
Magic:  10/12      EV: 13    Int: 22    God:
Gold:   128        SH:  0    Dex: 14    Spells: 4/11 levels left

rFire    . . .     SeeInvis .   f - +0 dagger (vamp)
rCold    . . .     Gourm    .   (no shield)
rNeg     . . .     Faith    .   a - +0 robe
rPois    .         Spirit   .   (helmet restricted)
rElec    .         Reflect  .   d - +0 cloak
rCorr    .         Harm     .   (no gloves)
MR       .....                  (boots unavailable)
Stlth    ++........             (no amulet)
HPRegen  0.11/turn              (no ring)
MPRegen  0.13/turn              (no ring)

@: mighty, brilliant, lethally poisoned (0 -> -7)
A: beak, talons 3, able to fly
a: Fly


You were on level 4 of the Dungeon.
You were not hungry.

You visited 1 branch of the dungeon, and saw 4 of its levels.

You collected 128 gold pieces.

Inventory:

Hand Weapons
 e - a +4 flail of protection
 f - a +0 vampiric dagger (weapon)
Armour
 a - a +0 robe (worn)
 d - a +0 cloak (worn)
Jewellery
 h - an uncursed ring of protection from magic
Scrolls
 g - 7 scrolls of identify {unknown}
 i - 2 scrolls of amnesia {unknown}
 l - a scroll of teleportation {unknown}
 m - a scroll of remove curse {unknown}
 n - a scroll of enchant weapon {unknown}
 p - a scroll of fear {unknown}
 q - a scroll of immolation {unknown}
Potions
 b - 2 potions of might
Comestibles
 c - 3 chunks of flesh
 j - 6 rations


   Skills:
 + Level 0.9 Fighting
 + Level 0.5 Short Blades
 + Level 2.6 Dodging
 - Level 2.0 Stealth
 + Level 3.4 Spellcasting
 + Level 3.5 Conjurations
 + Level 0.1 Charms
 + Level 6.5 Air Magic


You had 4 spell levels left.
You knew the following spells:

 Your Spells              Type           Power        Failure   Level  Hunger
a - Shock                 Conj/Air       ####         1%          1    None
b - Airstrike             Air            #####.....   1%          4    ####...
c - Swiftness             Chrm/Air       ####....     1%          2    ##.....

Your spell library contained the following spells:

 Spells                   Type           Power        Failure   Level  Hunger
 Static Discharge         Conj/Air       #####...     1%          3    ###....
 Lightning Bolt           Conj/Air       #####.....   4%          5    ######.


Dungeon Overview and Level Annotations

Branches:
Dungeon (4/15)
 Temple: D:4-7

Altars:


Innate Abilities, Weirdness & Mutations

You have a beak for a mouth.
You have claws for feet.
You can fly continuously.


Message History

* * * LOW HITPOINT WARNING * * *
You feel sick. The worker ant misses you. The worker ant bites you.
* * * LOW HITPOINT WARNING * * *
You puncture the worker ant!
You kill the worker ant!
* * * LOW HITPOINT WARNING * * *
You feel sick.
Okay, then.
* * * LOW HITPOINT WARNING * * *
You feel sick.
* * * LOW HITPOINT WARNING * * *
You feel sick.
* * * LOW HITPOINT WARNING * * *
You feel sick.
Things that are here:
2 chunks of flesh; a quokka skeleton
c - 3 chunks of flesh (gained 2)
* * * LOW HITPOINT WARNING * * *
You feel sick.
You die...

........#######.#.#
.............##.#.#
.######.####.##.#.#
#.# #.##.<.# #.#
#.####.# #.# #.# .#
#.# #.# .#
#.####รท####.###
#.......@.......
#..######.......
.##.##. .. # ##. .#
#


There were no monsters in sight!

Vanquished Creatures
  A sky beast (D:3)
  Terence (D:2)
  2 worker ants (D:4)
  2 adders
  2 oozes (D:1)
  An adder skeleton (D:2)
  2 worms
  3 dart slugs
  2 leopard geckos
  6 orcs (D:3)
  5 giant cockroaches
  13 goblins
  5 hobgoblins
  2 quokkas
  5 bats
  3 frilled lizards
  7 kobolds
  7 rats
69 creatures vanquished.

Notes
Turn   | Place    | Note
-------+----------+-------------------------------------------
     0 | D:1      | GreyFruit the Tengu Air Elementalist began the quest for
                  | the Orb.
     0 | D:1      | Reached XP level 1. HP: 10/10 MP: 4/4
   146 | D:1      | Reached XP level 2. HP: 11/15 MP: 0/6
   539 | D:1      | Reached XP level 3. HP: 19/19 MP: 3/7
  1182 | D:2      | Reached skill level 5 in Air Magic
  1733 | D:2      | Reached XP level 4. HP: 24/24 MP: 4/8
  2157 | D:2      | Noticed Terence
  2173 | D:2      | Killed Terence
  2233 | D:3      | Noticed a sky beast
  2240 | D:3      | Learned a level 4 spell: Airstrike
  2243 | D:3      | Learned a level 2 spell: Swiftness
  2260 | D:3      | Killed a sky beast
  2260 | D:3      | Reached skill level 6 in Air Magic
  2260 | D:3      | Gained mutation: You can fly continuously. [Tengu growth]
  2260 | D:3      | Reached XP level 5. HP: 10/28 MP: 0/10
  2982 | D:4      | Reached XP level 6. HP: 33/33 MP: 6/12
  3038 | D:4      | HP: 1/33 [poisoned by a worker ant]
  3039 | D:4      | Succumbed to a worker ant's poison

Skill      XL: |  1  2  3  4 |
---------------+-------------+-----
Air Magic      | 5 6 |  6.5
Conjurations   | 2 3 |  3.5
Spellcasting   | 3 |  3.4
Fighting       | |  0.9
Short Blades   | |  0.5
Dodging        | |  2.6
Stealth        | |  2.0
Charms         | |  0.1

Action                   |  1- 3 |  4- 6 || total
-------------------------+-------+-------++-------
Melee: Unarmed           |     5 |       ||     5
       Kick              |     3 |     3 ||     6
       Dagger            |     3 |    25 ||    28
       Peck              |       |     5 ||     5
 Cast: Shock             |    85 |    62 ||   147
       Swiftness         |       |     1 ||     1
       Airstrike         |       |     1 ||     1
  Use: Potion            |       |     7 ||     7
       Scroll            |       |     1 ||     1
  Eat: Ration            |     2 |       ||     2
       Chunk             |     1 |     5 ||     6
Armor: Robe              |    10 |     4 ||    14
Dodge: Dodged            |    32 |    17 ||    49
